 Dungeon Crawl Stone Soup version 0.30-a0-859-gf88a04b62d (webtiles) character file.

Game seed: 1519426184498794988

2739 zenocrate the Martial Artist (level 9, -5/63 HPs)
             Began as an Octopode Transmuter on Mar 7, 2023.
             Was an Initiate of Gozag.
             Slain by a gnoll sergeant
             ... wielding a +0 trident
              (12 damage)
             ... on level 7 of the Dungeon.
             The game lasted 00:10:05 (7531 turns).

zenocrate the Martial Artist (Octopode Transmuter)  Turns: 7531, Time: 00:10:06

Health: -5/63      AC:  8    Str:  9    XL:     9   Next: 68%
Magic:  7/12       EV: 10    Int: 19    God:    Gozag
Gold:   342        SH:  0    Dex: 13    Spells: 5/12 levels left

rFire   x . .      SeeInvis .      - Unarmed
rCold   + + +      Faith    .    (shield currently unavailable)
rNeg    + . .      Spirit   .    s - melded +1 hat
rPois   +          Reflect  .    g - amulet of regeneration
rElec   .          Rampage  .    a - ring of positive energy
rCorr   .                        (no ring)
Will    .....                    (no ring)
Stlth   ++                       (no ring)
HPRegen 1.10/turn                (no ring)
MPRegen 0.13/turn                (no ring)
                                 (no ring)
                                 (no ring)

@: ice-form, gold aura, slowed, very slow
A: freezing attack, boosted hp, almost no armour, amphibious, 8 rings, large,
(camouflage 1), (gelatinous body 1), (nimble swimmer 1), (tentacles)
a: End Transformation, Renounce Religion, Potion Petition, Call Merchant, Bribe
Branch


You were on level 7 of the Dungeon.
You worshipped Gozag.
Gozag was aware of your devotion.
You were a creature of crystalline ice.
You visited 2 branches of the dungeon, and saw 8 of its levels.
You also visited: Sewer and Ossuary.

You collected 451 gold pieces.
You paid 109 gold pieces to Gozag.

Inventory:

Armour
 s - a +1 hat (melded)
Jewellery
 a - a ring of positive energy (left front paw)
 g - an amulet of regeneration (around neck)
Wands
 j - a wand of iceblast (3)
 u - a wand of paralysis (2)
Scrolls
 c - 2 scrolls of fog
 h - 7 scrolls of teleportation
 i - a scroll of blinking
 k - a scroll of butterflies {unknown}
 l - a scroll of enchant weapon {unknown}
 m - a scroll of magic mapping {unknown}
 n - a scroll of enchant armour {unknown}
 q - 2 scrolls of immolation
 r - 2 scrolls of vulnerability {unknown}
 t - 2 scrolls of fear {unknown}
 w - a scroll of torment {unknown}
Potions
 b - a potion of brilliance
 e - a potion of curing
 f - 2 potions of attraction
 p - 7 potions of flight
 v - a potion of cancellation


   Skills:
 - Level 1.0 Fighting
 - Level 2.0 Dodging
 - Level 1.1 Stealth
 + Level 9.1 Unarmed Combat
 - Level 2.0 Spellcasting
 + Level 8.8 Transmutations
 - Level 4.5 Ice Magic


You had 5 spell levels left.
You knew the following spells:

 Your Spells              Type           Power      Damage    Failure   Level
a - Ice Form              Ice/Tmut       27%        N/A       11%         4
b - Wereblood             Tmut           35%        N/A       1%          2
c - Beastly Appendage     Tmut           70%        N/A       1%          1

Your spell library contained the following spells:

 Spells                   Type           Power      Damage    Failure   Level
 Spider Form              Tmut/Pois      18%        N/A       9%          3
 Magic Dart               Conj           4%         1d3       17%         1
 Sandblast                Erth           2%         2d4       17%         1
 Call Imp                 Summ           1%         N/A       26%         2
 Petrify                  Tmut/Erth      18%        N/A       28%         4
 Mephitic Cloud           Conj/Pois/Air  1%         N/A       45%         3
 Borgnjor's Vile Clutch   Necr/Erth      0%         N/A       99%         5
 Iron Shot                Conj/Erth      0%         9d1       100%        6


Dungeon Overview and Level Annotations

Branches:
Dungeon (7/15)             Temple (1/1) D:6           Sewer (visited)
Ossuary (visited)

Altars:
Ashenzari
Cheibriados
Dithmenos
Elyvilon
Fedhas
Gozag
Hepliaklqana
Kikubaaqudgha
Makhleb
Nemelex Xobeh
Okawaru
Qazlal
Ru
Sif Muna
Trog
Uskayaw
Wu Jian
Xom
Yredelemnul
Zin
The Shining One


Innate Abilities, Weirdness & Mutations

You are a creature of crystalline ice.
You have a powerful freezing melee attack.
Your maximum health is increased.
Your armour is entirely melded.
You are incapable of wielding weapons or throwing items.
You cannot wear most types of armour.
You are amphibious.
You can wear up to eight rings at the same time.
((Your skin changes colour to match your surroundings (Stealth+).))
((Your rubbery body absorbs attacks. (AC +1, EV +1)))
((You are camouflaged when in or above water. (Stealth+)))
((You have tentacles for arms and can constrict up to eight enemies at once.))


Message History

You barely miss the wraith.
Your tentacle spike misses the wraith.
You squeeze the wraith.
You destroy the wraith!
The black bear closely misses you. x2; The black bear claws you.
The gnoll sergeant hits you from afar with a +0 trident!
* * * LOW HITPOINT WARNING * * *
Your Unarmed Combat skill increases to level 9!
Casting: Beastly Appendage (safe; 1% risk of failure)
Confirm with . or Enter, or press ? or * to list all spells.
Your tentacle spike disappears.
Your +1 hat unmelds from your body.
You turn into a creature of crystalline ice.
Your +1 hat melds into your body.
The black bear barely misses you. The black bear claws you.
* * * LOW HITPOINT WARNING * * *
The black bear claws you.
* * * LOW HITPOINT WARNING * * *
The gnoll sergeant hits you from afar with a +0 trident.
* * * LOW HITPOINT WARNING * * *
You feel much better. The black bear barely misses you.
The black bear claws you.
The black bear claws you but does no damage.
The gnoll sergeant hits you from afar with a +0 trident!
* * * LOW HITPOINT WARNING * * *
The black bear bites you but does no damage.
The black bear claws you but does no damage.
The black bear barely misses you.
The gnoll sergeant hits you from afar with a +0 trident!
* * * LOW HITPOINT WARNING * * *
You punch the black bear! You freeze the black bear.
The black bear is heavily wounded.
A sky beast appears from thin air!
Reactivating autopickup.
The black bear bites you.
* * * LOW HITPOINT WARNING * * *
The black bear closely misses you.
The black bear claws you but does no damage.
The gnoll sergeant hits you from afar with a +0 trident!
You die...
Your body crumbles into a pile of gold.

######.## #.# ## #.#
##.######... ##.##
##...#.....#
##...######......#..#
#.#........#...#..F#
##.#.#####...Y....#.#
##.## ####g#.W## ###
#h#.#g# #Y#.#..#
#.#h# #.# #.#.. #[#
#.#.# #.# #.#.# #.
#.. #.# #.#


You could see a black bear, a sky beast and a gnoll sergeant.

Vanquished Creatures
  Grinder (D:4)
  A wraith (D:7)
  2 black bears
  2 orc warriors
  4 ogres
  A phantom (D:7)
  A centaur (D:6)
  2 bullfrogs
  A gnoll sergeant (D:6)
  3 scorpions (D:4)
  4 killer bees (D:6)
  A howler monkey (D:6)
  3 hounds
  A jelly (D:5)
  4 orc priests
  2 iguanas
  4 orc wizards
  A sleepcap (D:5)
  13 mummies (Ossuary)
  7 gnolls
  16 adders
  3 river rats (Sewer)
  A shadow imp (D:6)
  A white imp (D:7)
  An ufetubus (D:4)
  3 worms
  A dart slug (D:5)
  12 orcs
  12 ball pythons
  12 bats
  4 endoplasms
  2 giant cockroaches
  4 goblins
  2 hobgoblins
  5 jackals
  6 kobolds
  4 quokkas
  3 frilled lizards
  2 gnoll skeletons (Ossuary)
  4 goblin skeletons (Ossuary)
  A goblin zombie (D:4)
  A kobold skeleton (Ossuary)
  An orc skeleton (Ossuary)
  2 rats
  11 rat skeletons (Ossuary)
172 creatures vanquished.

Notes
Turn   | Place    | Note
-------+----------+-------------------------------------------
     0 | D:1      | zenocrate the Octopode Transmuter began the quest for the
                  | Orb.
     0 | D:1      | Reached XP level 1. HP: 13/13 MP: 3/3
   478 | D:1      | Reached skill level 1 in Stealth
   478 | D:1      | Reached XP level 2. HP: 18/18 MP: 3/5
   481 | D:1      | Learned a level 2 spell: Wereblood
  1088 | D:2      | Reached XP level 3. HP: 22/23 MP: 3/6
  1264 | D:2      | Reached XP level 4. HP: 28/28 MP: 7/7
  1269 | D:2      | Learned a level 4 spell: Ice Form
  1282 | D:2      | Found a sacrificial altar of Ru.
  1330 | D:2      | Reached skill level 4 in Unarmed Combat
  1453 | D:2      | Got Gosam's Quarto of Topomancy
  1825 | D:3      | Reached skill level 1 in Ice Magic
  1915 | D:3      | Reached XP level 5. HP: 27/33 MP: 4/8
  2403 | D:4      | Noticed Grinder
  2420 | D:4      | Killed Grinder
  2421 | D:4      | Reached XP level 6. HP: 38/38 MP: 6/9
  2479 | D:4      | Reached skill level 5 in Unarmed Combat
  2595 | D:4      | Noticed a black bear
  2618 | D:4      | Killed a black bear
  2619 | D:4      | Reached XP level 7. HP: 11/43 MP: 8/10
  2708 | D:4      | Reached skill level 5 in Transmutations
  2836 | D:4      | Found a sand-covered staircase.
  2841 | Ossuary  | Entered an ossuary
  3182 | Ossuary  | Reached skill level 6 in Unarmed Combat
  3182 | Ossuary  | Reached XP level 8. HP: 48/48 MP: 6/11
  3688 | D:4      | Found a sacrificial altar of Ru.
  3936 | D:5      | Entered Level 5 of the Dungeon
  4174 | D:5      | Found an ornate altar of the Wu Jian Council.
  4174 | D:5      | Found a hide-covered altar of Uskayaw.
  4212 | D:5      | Reached skill level 7 in Unarmed Combat
  4980 | D:6      | Reached XP level 9. HP: 53/53 MP: 3/12
  5157 | D:6      | Found a glowing drain.
  5178 | Sewer    | Entered a sewer
  5779 | D:6      | Reached skill level 8 in Unarmed Combat
  5854 | D:6      | Identified the +1 mace "Nenwyxav" {flame, *Slow rPois Dex+3
                  | Stlth+}
  5951 | D:6      | HP: 2/63 [killer bee (3)]
  6064 | D:6      | Found a staircase to the Ecumenical Temple.
  6094 | Temple   | Entered the Ecumenical Temple
  6156 | Temple   | Became a worshipper of Gozag Ym Sagoz the Greedy
  7529 | D:7      | Reached skill level 9 in Unarmed Combat
  7531 | D:7      | Slain by a gnoll sergeant

Illustrated notes

Levels and vault maps discovered:
D:1:      psy_arrival_fountain, layout_basic
D:2:      layout_loops_ring, basic_altar
D:3:      layout_rooms
D:4:      layout_loops_cross, mainiacjoe_overflow_cross_hatched,
          enter_ossuary_3, minivault_24, uniq_grinder
D:5:      layout_basic, gammafunk_temple_overflow_elements
D:6:      layout_layer_cave, minmay_temple_entry_grid, portal_sewer_entry_a
D:7:      layout_loops_corners, minmay_manual_mail
Temple:   nicolae_temple_no_exploring_needed

Skill      XL: |  1  2  3  4  5  6  7  8  9 |
---------------+----------------------------+-----
Stealth        | 1 |  1.1
Transmutations | 3 4 5 7 8 |  8.8
Unarmed Combat | 4 5 6 7 9 |  9.1
Ice Magic      | 1 2 3 4 |  4.5
Fighting       | |  1.0
Dodging        | |  2.0
Spellcasting   | |  2.0

Action                     |  1- 3 |  4- 6 |  7- 9 || total
---------------------------+-------+-------+-------++-------
  Melee: Unarmed           |    43 |    78 |   350 ||   471
         Kick              |    12 |    17 |     8 ||    37
         Constrict         |    11 |    19 |    56 ||    86
         Tentacles         |     9 |    16 |    79 ||   104
         Punch             |     1 |     3 |    18 ||    22
   Cast: Beastly Appendage |     8 |    11 |     4 ||    23
         Wereblood         |     4 |     9 |    14 ||    27
         Ice Form          |       |       |    19 ||    19
    Use: Scroll            |       |     5 |     6 ||    11
         Potion            |       |     3 |    11 ||    14
   Stab: Sleeping          |     3 |     5 |    12 ||    20
 Armour: Skin              |     7 |    17 |    80 ||   104
  Dodge: Dodged            |    19 |    51 |   232 ||   302

Table legend: (Time is in decaauts)
 A = Elapsed time spent in this place.
 B = Non-inter-level travel time spent in this place.
 C = Inter-level travel time spent in this place.
 D = Time resting spent in this place.
 E = Time spent auto-exploring this place.
 F = Levels seen in this place.
 G = Mean time per level.
                   A        B        C        D        E       F      G
               +--------+--------+--------+--------+--------+-----+--------+
         Total |   7484 |   7349 |    135 |      2 |   6067 |  10 |  748.4 |
       Dungeon |   6363 |   6234 |    129 |      2 |   5319 |   7 |  909.0 |
        Temple |     72 |     66 |      6 |      0 |     55 |   1 |   72.0 |
         Sewer |    467 |    467 |      0 |      0 |    313 |   1 |  467.0 |
       Ossuary |    582 |    582 |      0 |      0 |    380 |   1 |  582.0 |
               +--------+--------+--------+--------+--------+-----+--------+

Top non-repeatable levels by time:
     D:6: 1777 daAuts
     D:1: 1022 daAuts
     D:5: 957 daAuts
     D:4: 940 daAuts
     D:2: 789 daAuts
 Ossuary: 582 daAuts
     D:3: 577 daAuts
   Sewer: 467 daAuts
     D:7: 298 daAuts
  Temple: 72 daAuts
